 Dungeon Crawl Stone Soup version 0.13.0-25-g43d4df3 (webtiles) character file.

57 Bloax the Ruffian (level 2, -1/16 HPs)
             Began as a Gargoyle Transmuter on Oct 27, 2013.
             Slain by a rat (3 damage)
             ... on Level 2 of the Dungeon.
             The game lasted 00:01:09 (195 turns).

Bloax the Ruffian (Gargoyle Transmuter)              Turns: 195, Time: 00:01:09

HP  -1/16        AC  4     Str 13      XL: 2   Next: 20%
MP   3/3         EV 12     Int 13      God:
Gold 47          SH  0     Dex 10      Spells:  1 memorised,  4 levels left

Res.Fire  : . . .   See Invis. : .   e - -3,-2 whip (curse)
Res.Cold  : . . .   Warding    : .   c - +0 robe (curse)
Life Prot.: + . .   Conserve   : .   (no shield)
Res.Poison: +       Res.Corr.  : .   (no helmet)
Res.Elec. : +       Clarity    : .   (no cloak)
Sust.Abil.: . .     Spirit.Shd : .   (no gloves)
Res.Mut.  : .       Stasis     : .   (no boots)
Res.Rott. : +       Flight     : .   (no amulet)
Saprovore : . . .                    (no ring)
                                     (no ring)

@: not resistant to hostile enchantments, unstealthy
A: fangs 1, talons 2, life protection 1, electricity resistance, slow metabolism
1, unbreathing, petrification resistance, AC +2
a: no special abilities


You were on level 2 of the Dungeon.
You were not hungry.

You visited 1 branch of the dungeon, and saw 2 of its levels.

You collected 27 gold pieces.


Innate Abilities, Weirdness & Mutations

You are resistant to torment.
You are immune to poison.
Your stone body is very resilient (AC +2).
You have very sharp teeth.
You have razor-sharp toenails.
You resist negative energy.
You are resistant to electric shocks.
You have a slow metabolism.
You can survive without breathing.
You are immune to petrification.


   Skills:
 + Level 1.3 Fighting
 + Level 1.9 Dodging
 * Level 3.6 Unarmed Combat
 - Level 2.0 Spellcasting
 - Level 1.5 Transmutations


You had 4 spell levels left.
You knew the following spells:

 Your Spells              Type           Power        Failure   Level  Hunger
a - Beastly Appendage     Trmt           #.....       14%         1    ##.....


Dungeon Overview and Level Annotations

Branches:
Dungeon (2/27)

Altars:

Inventory:

Hand weapons
 e - a cursed -3,-2 whip (weapon)
   (You found it on level 1 of the Dungeon)
Missiles
 b - 12 arrows
Armour
 c - a cursed +0 robe (worn)
Comestibles
 a - a bread ration
Potions
 f - a potion of curing {unknown}
Books
 d - a book of Changes

   Spells                             Type                      Level
   *Beastly Appendage                 Transmutation                1
   Sticks to Snakes                   Transmutation                2
   Spider Form                        Transmutation/Poison         3
   Ice Form                           Ice/Transmutation            4
   Blade Hands                        Transmutation                5

... #.......#
........).#
......K....+
..........#
#.......# #!....#
#.rg# #@# #.# #
.########b##.#####
..........<......#
########.).#.###.#
#...........
##...#####. ##.##
#.#


You could see a goblin, a bat, a kobold and a rat.


Message History

The giant cockroach is almost dead.
The giant cockroach barely misses you. The giant cockroach closely misses you.
You hit the giant cockroach.
You kill the giant cockroach!
You now have 47 gold pieces (gained 7).
f - a scroll labeled GUTSYM DAIZY Read which item? (? for menu, Esc to quit)
As you read the scroll labeled GUTSYM DAIZY, it crumbles to dust.
Use on which item? (\ to view known items) (? for menu, Esc to quit)
Nothing appears to happen.
f - a brown potion A bat comes into view.
The bat hits you.
* * * LOW HITPOINT WARNING * * *
You closely miss the bat. You bite the bat, but do no damage.
The bat barely misses you. The bat closely misses you.
You hit the bat.
You kill the bat!
There is a stone staircase leading down here.
You see here a bat corpse.
You climb downwards.
A kobold comes into view. It is wielding a whip.
There is a stone staircase leading up here.
The helpless kobold fails to defend itself.
You hit the kobold.
The kobold is moderately wounded.
The kobold closely misses you.
You completely miss the kobold.
The kobold is moderately wounded.
The kobold hits you with a whip.
* * * LOW HITPOINT WARNING * * *
You hit the kobold but do no damage. You claw the kobold, but do no damage.
The kobold is moderately wounded.
The kobold barely misses you.
You hit the kobold but do no damage.
The kobold is moderately wounded.
The kobold hits you with a whip.
* * * LOW HITPOINT WARNING * * *
You closely miss the kobold.
The kobold is moderately wounded.
The kobold barely misses you.
You barely miss the kobold. The kobold barely misses you.
You hit the kobold.
You kill the kobold!
Unknown command.
A bat comes into view.
Things that are here:
a whip; a dart; a kobold corpse The bat hits you but does no damage.
The bat hits you but does no damage.
You open the door.
A rat and a goblin come into view.
The goblin shouts!
The bat hits you.
* * * LOW HITPOINT WARNING * * *
Found a dwarven dagger and a bubbling cyan potion.
A kobold comes into view.
The kobold throws a dart.
The dart hits you!
* * * LOW HITPOINT WARNING * * *
The bat hits you but does no damage.
There is an open door here.
You see here a dart.
You closely miss the bat. The bat closely misses you.
The goblin hits you but does no damage.
You barely miss the bat. The bat misses you.
The goblin hits you with an orcish club.
* * * LOW HITPOINT WARNING * * *
The rat bites you.
You die...

Action                   || total
-------------------------++-------
Melee: Unarmed           ||    23
       Whip              ||    19
  Use: Scroll            ||     2
 Stab: Sleeping          ||     2

Vault maps used:
D:1:      onia_entry_larder, hangedman_glass_garden, minmay_misc_feat_roman,
          wad_floor_pattern_1, minmay_newt_pond
D:2:      overflow_temple_1_default, trog_book, uniq_jessica, uniq_sigmund

Notes
Turn   | Place    | Note
--------------------------------------------------------------
     0 | D:1      | Bloax, the Gargoyle Transmuter, began the quest for the Orb.
     0 | D:1      | Reached XP level 1. HP: 12/12 MP: 1/1
    80 | D:1      | HP: 3/12 [rat (1)]
   145 | D:1      | Reached XP level 2. HP: 6/16 MP: 3/3
   184 | D:2      | HP: 4/16 [kobold/whip (2)]
   192 | D:2      | HP: 4/16 [bat (1)]
   195 | D:2      | Slain by a rat

Vanquished Creatures
  5 giant cockroaches (D:1)
  A bat (D:1)
  2 goblins (D:1)
  A kobold (D:2)
  A rat (D:1)
10 creatures vanquished.
